[ AOE2 MATCH · #507152257 ]
UnrankedItalians vs Spanish
Player's team · WIN
Rival team · LOSS
[ REPLAY ANALYSIS · EXTRACTED FROM THE RECORDED GAME ]
Feudal
9:17
Castle
17:04
Imperial
31:44
| APM avg | 64.8 |
| APM peak | 107 |
| eAPM avg | 28.3 |
| Villagers / military | 96 / 35 |
Focus
⚔️ 26.9% · 🌾 73.1%
Genoese Crossbowman ×24 · Bombard Cannon ×6 · Mangonel ×4 · Battering Ram ×1
Feudal
9:15
Castle
26:51
Imperial
31:10
| APM avg | 93.6 |
| APM peak | 160 |
| eAPM avg | 27.5 |
| Villagers / military | 69 / 41 |
Focus
⚔️ 34.7% · 🌾 65.3%
Archer ×11 · Conquistador ×10 · Scout Cavalry ×10 · Trebuchet (Packed) ×6 · Bombard Cannon ×4
Match map
Initial resources + every placement click. Lines = walls · curves = elevation contours. ◆ gold · ⬟ stone · ● berries · ✦ relic · ◌ wall gap
Your base· ✓ Closed at 17:04 · 19t walls · 7 gate(s)
KARA___'s base· ✓ Closed at 26:51 · 0t walls · 2 gate(s)
Smoothed initial terrain · ◌ = detected wall gap · hover for details
Inputs per minute
— Thomas Sankara - - KARA___
Build order — Thomas Sankara
First 150 of 255 actions detected
| 0:00 | Queue | Villager (Male) |
| 0:02 | Build | House |
| 0:03 | Build | House |
| 0:05 | Queue | Villager (Male) |
| 0:05 | Queue | Villager (Male) |
| 0:05 | Queue | Villager (Male) |
| 1:20 | Build | Palisade Gate |
| 1:22 | Build | Palisade Gate |
| 1:26 | Build | Palisade Gate |
| 1:27 | Build | Palisade Gate |
| 1:27 | Queue | Villager (Male) |
| 1:28 | Queue | Villager (Male) |
| 2:01 | Queue | Villager (Male) |
| 2:17 | Queue | Villager (Male) |
| 2:17 | Queue | Villager (Male) |
| 2:28 | Queue | Villager (Male) |
| 3:01 | Queue | Villager (Male) |
| 3:35 | Queue | Villager (Male) |
| 3:48 | Build | House |
| 4:02 | Queue | Villager (Male) |
| 4:08 | Queue | Villager (Male) |
| 4:16 | Queue | Villager (Male) |
| 4:16 | Queue | Villager (Male) |
| 4:21 | Build | Lumber Camp |
| 5:02 | Queue | Villager (Male) |
| 5:10 | Queue | Villager (Male) |
| 5:30 | Queue | Villager (Male) |
| 6:13 | Build | House |
| 6:42 | Build | Mill |
| 7:07 | Research | Feudal Age |
| 7:31 | Build | Mining Camp |
| 8:05 | Build | House |
| 8:57 | Queue | Villager (Male) |
| 9:17 | Age | Feudal Age |
| 9:19 | Build | Market |
| 9:26 | Queue | Villager (Male) |
| 9:49 | Build | Blacksmith |
| 9:51 | Research | Loom |
| 9:54 | Research | Double-Bit Axe |
| 10:05 | Queue | Villager (Male) |
| 10:22 | Queue | Villager (Male) |
| 10:29 | Build | Watch Tower |
| 10:34 | Research | Fletching |
| 10:38 | Build | House |
| 10:39 | Queue | Villager (Male) |
| 10:46 | Build | Mining Camp |
| 10:55 | Build | Stone Wall |
| 10:59 | Build | Gate |
| 11:01 | Queue | Villager (Male) |
| 11:22 | Build | Farm |
| 11:42 | Build | Farm |
| 11:43 | Build | Farm |
| 11:44 | Queue | Villager (Male) |
| 12:08 | Queue | Villager (Male) |
| 12:10 | Build | Farm |
| 12:18 | Build | Farm |
| 12:33 | Build | Farm |
| 12:49 | Queue | Villager (Male) |
| 13:01 | Build | Farm |
| 13:09 | Build | Farm |
| 13:30 | Queue | Villager (Male) |
| 13:49 | Queue | Villager (Male) |
| 14:24 | Research | Castle Age |
| 14:34 | Build | Watch Tower |
| 14:40 | Build | Watch Tower |
| 14:47 | Build | Stone Wall |
| 14:50 | Queue | Villager (Male) |
| 14:57 | Build | Stone Wall |
| 15:13 | Build | Stone Wall |
| 15:47 | Build | House |
| 15:48 | Build | Stone Wall |
| 16:30 | Research | Wheelbarrow |
| 17:04 | Age | Castle Age |
| 17:05 | Build | Town Center |
| 17:12 | Queue | Villager (Male) |
| 17:14 | Build | Siege Workshop |
| 17:22 | Build | House |
| 17:28 | Research | Bow Saw |
| 17:37 | Queue | Villager (Male) |
| 17:46 | Queue | Mangonel |
| 17:55 | Queue | Villager (Male) |
| 18:08 | Build | Farm |
| 18:27 | Queue | Villager (Male) |
| 18:29 | Build | Farm |
| 18:31 | Queue | Villager (Male) |
| 18:54 | Queue | Mangonel |
| 19:08 | Queue | Villager (Male) |
| 19:28 | Queue | Villager (Male) |
| 19:31 | Build | Town Center |
| 20:05 | Queue | Villager (Male) |
| 20:07 | Build | Farm |
| 20:09 | Build | Farm |
| 20:23 | Queue | Villager (Male) |
| 20:23 | Queue | Villager (Male) |
| 20:47 | Queue | Villager (Male) |
| 20:57 | Build | Farm |
| 20:58 | Build | Farm |
| 21:16 | Queue | Villager (Male) |
| 21:31 | Queue | Villager (Male) |
| 21:54 | Queue | Villager (Male) |
| 21:55 | Queue | Mangonel |
| 22:29 | Queue | Villager (Male) |
| 23:12 | Build | Farm |
| 23:13 | Build | Farm |
| 23:13 | Build | Farm |
| 23:13 | Build | Farm |
| 23:14 | Build | Farm |
| 23:14 | Build | Farm |
| 23:14 | Build | Farm |
| 23:15 | Queue | Villager (Male) |
| 23:15 | Queue | Villager (Male) |
| 23:15 | Queue | Villager (Male) |
| 23:18 | Build | Lumber Camp |
| 23:19 | Queue | Villager (Male) |
| 23:31 | Queue | Villager (Male) |
| 23:36 | Build | Farm |
| 23:38 | Build | Farm |
| 24:02 | Queue | Villager (Male) |
| 24:02 | Queue | Villager (Male) |
| 24:06 | Build | House |
| 24:07 | Build | House |
| 24:07 | Build | House |
| 24:38 | Queue | Villager (Male) |
| 24:53 | Queue | Villager (Male) |
| 24:53 | Queue | Villager (Male) |
| 24:58 | Queue | Villager (Male) |
| 24:58 | Queue | Villager (Male) |
| 25:03 | Queue | Battering Ram |
| 25:05 | Queue | Villager (Male) |
| 25:06 | Build | House |
| 25:07 | Build | House |
| 25:07 | Build | House |
| 25:07 | Build | House |
| 25:08 | Build | House |
| 25:08 | Build | House |
| 25:23 | Queue | Villager (Male) |
| 25:23 | Queue | Villager (Male) |
| 25:35 | Queue | Villager (Male) |
| 25:35 | Queue | Villager (Male) |
| 25:39 | Build | Farm |
| 25:39 | Build | Farm |
| 25:39 | Build | Farm |
| 25:40 | Build | Farm |
| 25:52 | Build | Castle |
| 26:01 | Queue | Villager (Male) |
| 26:01 | Queue | Villager (Male) |
| 26:09 | Queue | Villager (Male) |
| 26:11 | Queue | Villager (Male) |
| 26:13 | Build | Farm |
| 26:13 | Build | Farm |
Build order — KARA___
First 150 of 213 actions detected
| 0:00 | Queue | Villager (Male) |
| 0:00 | Queue | Villager (Male) |
| 0:01 | Build | House |
| 0:02 | Build | House |
| 0:11 | Queue | Villager (Male) |
| 0:18 | Queue | Villager (Male) |
| 1:22 | Queue | Villager (Male) |
| 1:57 | Queue | Villager (Male) |
| 1:57 | Queue | Villager (Male) |
| 2:17 | Queue | Villager (Male) |
| 2:40 | Queue | Villager (Male) |
| 2:40 | Queue | Villager (Male) |
| 3:03 | Queue | Villager (Male) |
| 3:05 | Queue | Villager (Male) |
| 3:05 | Queue | Villager (Male) |
| 3:46 | Queue | Villager (Male) |
| 3:49 | Build | House |
| 3:53 | Build | House |
| 4:21 | Queue | Villager (Male) |
| 4:42 | Queue | Villager (Male) |
| 5:03 | Queue | Villager (Male) |
| 5:18 | Queue | Villager (Male) |
| 5:43 | Build | House |
| 5:48 | Build | Lumber Camp |
| 6:06 | Queue | Villager (Male) |
| 6:11 | Build | Mining Camp |
| 6:38 | Queue | Villager (Male) |
| 7:02 | Research | Feudal Age |
| 8:41 | Build | Barracks |
| 8:58 | Research | Loom |
| 9:15 | Age | Feudal Age |
| 9:17 | Build | Watch Tower |
| 9:19 | Build | Archery Range |
| 9:28 | Research | Double-Bit Axe |
| 9:28 | Research | Double-Bit Axe |
| 9:36 | Queue | Villager (Male) |
| 9:42 | Queue | Villager (Male) |
| 9:55 | Build | Blacksmith |
| 10:09 | Queue | Archer |
| 10:15 | Queue | Villager (Male) |
| 10:17 | Build | House |
| 10:41 | Research | Fletching |
| 10:41 | Research | Fletching |
| 10:47 | Queue | Archer |
| 10:53 | Queue | Villager (Male) |
| 10:53 | Queue | Villager (Male) |
| 11:00 | Build | Mill |
| 11:03 | Queue | Archer |
| 11:04 | Queue | Villager (Male) |
| 11:05 | Build | House |
| 11:33 | Queue | Villager (Male) |
| 11:39 | Build | Mining Camp |
| 11:47 | Queue | Archer |
| 12:11 | Queue | Villager (Male) |
| 12:14 | Build | House |
| 12:15 | Build | House |
| 12:18 | Queue | Archer |
| 12:49 | Queue | Villager (Male) |
| 12:57 | Build | Watch Tower |
| 13:02 | Queue | Villager (Male) |
| 13:08 | Build | House |
| 13:19 | Build | Farm |
| 13:21 | Queue | Villager (Male) |
| 13:26 | Build | Farm |
| 13:45 | Build | Farm |
| 13:55 | Queue | Villager (Male) |
| 14:01 | Queue | Archer |
| 14:09 | Build | Farm |
| 14:13 | Build | Watch Tower |
| 14:19 | Queue | Villager (Male) |
| 14:49 | Queue | Archer |
| 14:49 | Queue | Archer |
| 14:52 | Queue | Villager (Male) |
| 15:09 | Queue | Villager (Male) |
| 15:12 | Queue | Archer |
| 15:21 | Build | Farm |
| 15:35 | Queue | Villager (Male) |
| 15:37 | Build | House |
| 15:38 | Build | House |
| 15:42 | Queue | Archer |
| 15:44 | Research | Horse Collar |
| 15:59 | Queue | Villager (Male) |
| 16:12 | Queue | Villager (Male) |
| 16:21 | Build | Watch Tower |
| 16:46 | Research | Town Watch |
| 16:49 | Build | Farm |
| 16:51 | Build | Farm |
| 17:00 | Build | Farm |
| 17:08 | Queue | Villager (Male) |
| 17:14 | Build | Lumber Camp |
| 17:34 | Research | Wheelbarrow |
| 17:54 | Queue | Villager (Male) |
| 17:57 | Build | House |
| 18:12 | Build | Watch Tower |
| 18:21 | Build | Watch Tower |
| 18:25 | Queue | Villager (Male) |
| 19:05 | Build | Watch Tower |
| 19:10 | Build | Stable |
| 19:13 | Queue | Villager (Male) |
| 19:17 | Build | House |
| 19:21 | Queue | Archer |
| 19:32 | Research | Forging |
| 19:32 | Research | Forging |
| 19:57 | Queue | Scout Cavalry |
| 19:57 | Queue | Scout Cavalry |
| 20:13 | Research | Scale Barding Armor |
| 21:05 | Queue | Villager (Male) |
| 21:07 | Queue | Scout Cavalry |
| 21:11 | Build | Watch Tower |
| 21:22 | Queue | Scout Cavalry |
| 21:32 | Queue | Villager (Male) |
| 21:33 | Build | Market |
| 21:34 | Queue | Villager (Male) |
| 21:36 | Build | Mill |
| 21:36 | Build | Farm |
| 21:36 | Build | Farm |
| 21:37 | Build | Farm |
| 21:37 | Build | Farm |
| 21:37 | Build | Farm |
| 21:37 | Build | Farm |
| 21:37 | Build | Farm |
| 21:38 | Build | Farm |
| 21:57 | Build | Farm |
| 21:58 | Build | Farm |
| 22:03 | Queue | Scout Cavalry |
| 22:12 | Queue | Scout Cavalry |
| 22:45 | Queue | Villager (Male) |
| 22:45 | Queue | Villager (Male) |
| 23:02 | Queue | Scout Cavalry |
| 23:03 | Queue | Villager (Male) |
| 23:16 | Build | Farm |
| 23:16 | Build | Farm |
| 23:17 | Build | Farm |
| 23:18 | Build | Farm |
| 23:30 | Build | Watch Tower |
| 23:42 | Build | Farm |
| 24:11 | Research | Castle Age |
| 24:11 | Research | Castle Age |
| 24:41 | Build | Farm |
| 24:41 | Build | Farm |
| 24:42 | Build | Farm |
| 24:43 | Build | Farm |
| 24:47 | Build | Farm |
| 24:50 | Queue | Scout Cavalry |
| 25:02 | Build | House |
| 25:10 | Queue | Scout Cavalry |
| 25:21 | Build | House |
| 25:34 | Research | Bloodlines |
| 25:53 | Queue | Scout Cavalry |
| 26:51 | Age | Castle Age |
Match timeline
| 8:41 | KARA___ · first_building Barracks |
| 9:15 | KARA___ · age_up feudal |
| 9:17 | Thomas Sankara · age_up feudal |
| 9:19 | KARA___ · first_building Archery Range |
| 10:55 | Thomas Sankara · wall_segment Stone Wall x6 |
| 14:02 | Thomas Sankara · first_market_buy 100 food |
| 14:02 | Thomas Sankara · first_market_sell 100 wood |
| 14:47 | Thomas Sankara · wall_segment Stone Wall x3 |
| 14:57 | Thomas Sankara · wall_segment Stone Wall x5 |
| 15:13 | Thomas Sankara · wall_segment Stone Wall x4 |
| 15:48 | Thomas Sankara · wall_segment Stone Wall x1 |
| 17:04 | Thomas Sankara · age_up castle |
| 17:14 | Thomas Sankara · first_building Siege Workshop |
| 19:10 | KARA___ · first_building Stable |
| 23:04 | KARA___ · first_market_buy 100 food |
| 25:52 | Thomas Sankara · first_building Castle |
| 26:51 | KARA___ · age_up castle |
| 27:01 | KARA___ · first_building Castle |
| 27:46 | KARA___ · first_market_sell 100 wood |
| 28:50 | Thomas Sankara · wall_segment Stone Wall x1 |
| 30:50 | Thomas Sankara · wall_segment Stone Wall x1 |
| 31:10 | KARA___ · age_up imperial |
| 31:21 | KARA___ · first_building Siege Workshop |
| 31:44 | Thomas Sankara · age_up imperial |
| 38:44 | KARA___ · resign |
[ AI ANALYSIS · 1 CREDIT ]
What really happened in this match?
Wolo.gg analyzes every decision: build order, eco, micro, common mistakes by bracket. Personalized analysis on WhatsApp or Discord in 30 seconds.
Civ guide
Italians
Perfil
Jugador #1156287